 Dungeon Crawl Stone Soup version 0.20-a0-1121-gbb42413 (webtiles) character file.

119 MydosGodOfBeginnings the Ruffian (level 5, -1/44 HPs)
             Began as a Naga Transmuter on May 10, 2017.
             Killed from afar by Ijustatesigmund's ghost (15 damage)
             ... with a spray of energy
             ... on level 3 of the Dungeon.
             The game lasted 00:12:12 (2141 turns).

MydosGodOfBeginnings the Ruffian (Naga Transmuter)  Turns: 2141, Time: 00:12:12

Health: -1/44      AC:  2    Str: 12    XL:     5   Next: 3%
Magic:  9/9        EV: 10    Int: 17    God:
Gold:   119        SH:  0    Dex: 11    Spells: 3/9 levels left

rFire    + . .     SeeInvis +     - Unarmed
rCold    . . .     Gourm    .   (no shield)
rNeg     . . .     Faith    .   b - +0 robe
rPois    +         Spirit   .   (no helmet)
rElec    .         Reflect  .   (no cloak)
rCorr    .         Harm     .   (no gloves)
MR       .....                  (no barding)
Stlth    +.........             (no amulet)
Regen    0.2/turn               h - +2 ring of intelligence
MPRegen  0.2/turn               s - ring of protection from fire

@: confused, appendage, very slow
A: horns 2, see invisible, deformed body, poison resistance, slowness 2, slow
metabolism 1, spit poison 1, AC +1
a: Spit Poison, End Transformation


You were on level 3 of the Dungeon.
You were not hungry.
You had grown temporary horns.
You visited 1 branch of the dungeon, and saw 3 of its levels.

You collected 119 gold pieces.

Inventory:

Missiles
 a - 60 arrows
Armour
 b - a +0 robe (worn)
Jewellery
 h - a +2 ring of intelligence (left hand)
 i - an uncursed ring of ice
 m - an uncursed ring of see invisible
 s - a ring of protection from fire (right hand)
Scrolls
 e - 2 scrolls of remove curse {unknown}
 k - a scroll of enchant weapon {unknown}
 n - 3 scrolls of identify {unknown}
 t - a scroll of teleportation {unknown}
Potions
 g - 3 potions of curing {unknown}
 l - a potion of ambrosia {unknown}
 o - 2 potions of lignification {unknown}
 p - a potion of might {unknown}
 q - a potion of cancellation {unknown}
Books
 c - a book of Changes

   Spells                             Type                      Level
   a - Beastly Appendage              Transmutation                1
   b - Sticks to Snakes               Transmutation                2
   c - Spider Form                    Transmutation/Poison         3
   d - Ice Form                       Ice/Transmutation            4
   e - Blade Hands                    Transmutation                5
Comestibles
 d - 3 bread rations
 f - 3 fruits
 j - 3 meat rations
 r - a royal jelly
 u - 3 chunks of flesh


   Skills:
 + Level 1.1 Fighting
 + Level 2.0 Dodging
 + Level 4.3 Unarmed Combat
 + Level 2.7 Spellcasting
 + Level 2.7 Transmutations


You had 3 spell levels left.
You knew the following spells:

 Your Spells              Type           Power        Failure   Level  Hunger
a - Beastly Appendage     Tmut           ##....       6%          1    #......
b - Sticks to Snakes      Tmut           ##......     9%          2    ##.....
c - Spider Form           Tmut/Pois      #.........   30%         3    ###....


Dungeon Overview and Level Annotations

Branches:
Dungeon (3/15)

Altars:
Elyvilon
Okawaru
Trog

Annotations:
D:3 Ijustatesigmund's ghost, amateur DrCj


Innate Abilities, Weirdness & Mutations

You cannot wear boots.
Your serpentine skin is tough. (AC +1)
You have supernaturally acute eyesight. (SInv)
Armour fits poorly on your strangely shaped body.
Your system is resistant to poisons. (rPois)
You cover ground very slowly.
You have a slow metabolism.
You can spit poison.
You have a pair of horns on your head.


Message History

You kill the rat!
Ijustatesigmund's ghost hits you.
Ijustatesigmund's ghost points at you and mumbles some strange words.
The spray of energy hits you!
You are confused.
You are too confused!
You're too confused to cast spells.
You're too confused to cast spells.
Ijustatesigmund's ghost hits you.
You see here a rat corpse.
Found 22 arrows.
You miss Ijustatesigmund's ghost. Ijustatesigmund's ghost hits you.
Unknown command.
You're too confused to move!
Ijustatesigmund's ghost gestures at you while chanting.
The spray of energy hits you!
You are more confused.
Ijustatesigmund's ghost gestures at you while chanting.
The spray of energy hits you!
You die...

#.# #_###8# #..#........
#.# ### # ###.......###.
#.# #.# #....#..#<.รท..
#.####.######............)
#.................####....
####.........####.# #....
#.........# #.# #....
#.........# #.# #.###
#....W@...# .# #.#
#.........# #(#
#.........# ###
#.........# ########.##
... (..# ...# ..


You could see Ijustatesigmund's ghost.

Vanquished Creatures
  A gnoll (D:1)
  3 adders
  A worm (D:3)
  2 dart slugs
  2 leopard geckos
  5 bats
  4 giant cockroaches
  3 goblins
  8 hobgoblins
  14 jackals
  6 kobolds
  A quokka (D:2)
  A ball python (D:2)
  6 frilled lizards
  13 rats
70 creatures vanquished.

Vanquished Creatures (collateral kills)
  A bat (D:3)
1 creature vanquished.

Grand Total: 71 creatures vanquished

Notes
Turn   | Place    | Note
-------+----------+-------------------------------------------
     0 | D:1      | MydosGodOfBeginnings the Naga Transmuter began the quest for the Orb.
     0 | D:1      | Reached XP level 1. HP: 18/18 MP: 3/3
    66 | D:1      | Reached XP level 2. HP: 18/25 MP: 3/5
   360 | D:1      | Reached XP level 3. HP: 29/31 MP: 4/6
   755 | D:1      | Learned a level 2 spell: Sticks to Snakes
  1521 | D:2      | Reached XP level 4. HP: 38/38 MP: 5/7
  1534 | D:2      | Reached skill level 4 in Unarmed Combat
  1543 | D:2      | Found an iron altar of Okawaru.
  1933 | D:3      | Noticed Ijustatesigmund's ghost (amateur DrCj)
  2039 | D:3      | Learned a level 3 spell: Spider Form
  2095 | D:3      | Reached XP level 5. HP: 42/44 MP: 7/9
  2111 | D:3      | Found a white marble altar of Elyvilon.
  2113 | D:3      | Found a bloodstained altar of Trog.
  2141 | D:3      | Killed from afar by Ijustatesigmund's ghost

Vault maps used:
D:1:      lightli_arrival_isolated_outpost
D:2:      okawaru_trees_2
D:3:      grunt_temple_overflow_gold_and_silver,
          yredelemnul_forgotten_temple_becter, nicolae_overflow_hidden_temple,
          first_bread, cheibrodos_gnoll_hut

Skill      XL: |  1  2  3  4 |
---------------+-------------+-----
Unarmed Combat | 4 |  4.3
Dodging        | 2 |  2.0
Fighting       | |  1.1
Spellcasting   | |  2.7
Transmutations | |  2.7

Action                   |  1- 3 |  4- 6 || total
-------------------------+-------+-------++-------
Melee: Unarmed           |    77 |    73 ||   150
       Headbutt          |     7 |     8 ||    15
       Punch             |       |     2 ||     2
 Cast: Beastly Appendage |    24 |    14 ||    38
       Sticks to Snakes  |       |     1 ||     1
 Abil: Spit Poison       |    20 |     4 ||    24
 Stab: Sleeping          |     1 |       ||     1
  Eat: Chunk             |     3 |     2 ||     5
Armor: Robe              |    22 |    22 ||    44
Dodge: Dodged            |    58 |    52 ||   110
